 Dungeon Crawl Stone Soup version 0.21-a0-203-gb066a6e (webtiles) character file.

71800 aurelian the Convoker (level 14, -9/110 HPs)
             Began as a Mummy Summoner on Aug 17, 2017.
             Was an Initiate of Gozag.
             Shot with an arrow by a satyr (14 damage)
             ... on level 3 of the Shoals on Aug 19, 2017.
             The game lasted 02:42:28 (45440 turns).

aurelian the Convoker (Mummy Summoner)             Turns: 45440, Time: 02:42:28

Health: -9/110     AC: 12    Str: 17    XL:     14   Next: 99%
Magic:  1/41       EV: 15    Int: 22    God:    Gozag
Gold:   2981       SH:  9    Dex: 14    Spells: 14/41 levels left

rFire    . . .     SeeInvis +   N - +9 broad axe (vamp)
rCold    + . .     Gourm    .   t - +0 buckler
rNeg     + + +     Faith    .   Q - +2 robe {rF+}
rPois    ∞         Spirit   .   s - +2 helmet
rElec    .         Reflect  +   I - +1 cloak
rCorr    .         Harm     .   C - +2 pair of gloves "Ucalligh" {Str+4}
MR       ++...                  (no boots)
Stlth    +++.......             X - amulet "Toarekif" {Reflect Int+4 Dex+2 SH+3 SInv}
HPRegen  0.28/turn              E - ring of magical power
MPRegen  0.27/turn              T - ring of protection from magic

@: no status effects
A: no food or potions, fire vulnerability, cold resistance 1, negative energy
resistance 3, torment resistance, unbreathing, in touch with death 1
a: Potion Petition, Call Merchant, Bribe Branch, Renounce Religion


You were on level 3 of the Shoals.
You worshipped Gozag.
Gozag was most pleased with you.
You were not hungry.

You visited 4 branches of the dungeon, and saw 26 of its levels.
You also visited: Sewer and Volcano.

You collected 10355 gold pieces.
You spent 4186 gold pieces at shops.
You paid 3188 gold pieces to Gozag.

Inventory:

Hand Weapons
 v - a +2 fustibalus of venom
 N - a +9 vampiric broad axe (weapon)
Missiles
 p - 274 sling bullets
 L - 9 throwing nets (quivered)
Armour
 c - a +0 shield of reflection
 s - a +2 helmet (worn)
 t - a +0 buckler (worn)
 w - the +6 scale mail of Zin's Generosity {Regen+ Str+2}
   (You bought it in a shop on level 15 of the Dungeon)

   It affects your strength (+2).
   It increases your rate of regeneration.
 C - the +2 pair of gloves "Ucalligh" (worn) {Str+4}
   (You found it on level 6 of the Lair of Beasts)

   It affects your strength (+4).
 I - a +1 cloak (worn)
 Q - a +2 robe of fire resistance (worn)
Jewellery
 i - an uncursed ring of fire
 l - an uncursed ring of protection from cold
 z - the amulet of the Air {Inacc +Fly rElec EV+5 RMsl}
   (You found it on level 1 of the Shoals)

   [amulet of inaccuracy]

   It reduces the accuracy of all your attacks.
   It affects your evasion (+5).
   It insulates you from electricity.
   It lets you fly.
   It protects you from missiles.
 A - an uncursed ring of stealth
 E - a ring of magical power (left hand)
 T - a ring of protection from magic (right hand)
 U - an uncursed ring of wizardry
 V - the ring of the Sneaky Stories {Int+2 SInv}
   (You found it on level 6 of the Lair of Beasts)

   [ring of see invisible]

   It affects your intelligence (+2).
   It lets you see invisible.
 W - a +6 ring of evasion
 X - the amulet "Toarekif" (around neck) {Reflect Int+4 Dex+2 SH+3 SInv}
   (You bought it in a shop on level 11 of the Dungeon)

   [amulet of reflection]

   It shields you and reflects attacks.
   It affects your intelligence (+4).
   It affects your dexterity (+2).
   It lets you see invisible.
   It affects your SH (+3).
Wands
 h - a wand of confusion (18/48)
 j - a wand of lightning (8/15)
 m - a wand of acid (6/15)
 n - a wand of flame (18/48)
 G - a wand of digging (9/24)
 J - a wand of flame (29/48)
 O - a wand of polymorph (6/24)
 P - a wand of digging (12/24)
 R - a wand of clouds (4/9)
 Z - a wand of disintegration (6/24)
Scrolls
 e - 16 scrolls of remove curse
 f - a scroll of fear
 g - a scroll of torment
 k - a scroll of summoning
 o - 5 scrolls of identify
 r - 2 scrolls of fog
 y - a scroll of random uselessness {unknown}
 B - 7 scrolls of teleportation
 D - 7 scrolls of amnesia
 F - a scroll of immolation
 H - a scroll of enchant weapon
 S - 5 scrolls of magic mapping
Books
 a - a book of Enchantments

   Spells                             Type                      Level
   a - Cause Fear                     Hexes                        4
   b - Yara's Violent Unravelling     Hexes/Transmutation          5
   c - Silence                        Hexes/Air                    5
   d - Deflect Missiles               Charms/Air                   6
   e - Discord                        Hexes                        8
 b - a book of Callings

   Spells                             Type                      Level
   a - Summon Small Mammal            Summoning                    1
   b - Call Imp                       Summoning                    2
   c - Call Canine Familiar           Summoning                    3
   d - Summon Guardian Golem          Hexes/Summoning              3
   e - Summon Lightning Spire         Summoning/Air                4
   f - Summon Ice Beast               Ice/Summoning                4
 d - aurelian's Papyrus of Flying Conjuration
   (You acquired it on level 3 of the Lair of Beasts)

   Spells                             Type                      Level
   a - Stone Arrow                    Conjuration/Earth            3
   b - Airstrike                      Air                          4
   c - Bolt of Draining               Conjuration/Necromancy       5
   d - Conjure Ball Lightning         Conjuration/Air              6
 q - a book of Beasts

   Spells                             Type                      Level
   a - Summon Butterflies             Summoning                    1
   b - Call Canine Familiar           Summoning                    3
   c - Summon Ice Beast               Ice/Summoning                4
   d - Summon Mana Viper              Hexes/Summoning              5
   e - Summon Hydra                   Summoning                    7
 u - a book of Cantrips

   Spells                             Type                      Level
   a - Confusing Touch                Hexes                        1
   b - Animate Skeleton               Necromancy                   1
   c - Summon Small Mammal            Summoning                    1
   d - Apportation                    Translocation                1
 x - a book of Battle

   Spells                             Type                      Level
   a - Infusion                       Charms                       1
   b - Shroud of Golubria             Charms/Translocation         2
   c - Song of Slaying                Charms                       2
   d - Spectral Weapon                Hexes/Charms                 3
   e - Regeneration                   Charms/Necromancy            3
 K - a book of Minor Magic

   Spells                             Type                      Level
   a - Magic Dart                     Conjuration                  1
   b - Blink                          Translocation                2
   c - Call Imp                       Summoning                    2
   d - Slow                           Hexes                        2
   e - Conjure Flame                  Conjuration/Fire             3
   f - Mephitic Cloud                 Conjuration/Poison/Air       3
Miscellaneous
 M - a box of beasts
 Y - a phial of floods


   Skills:
 - Level 10.0 Fighting
 - Level 2.7 Armour
 - Level 5.0 Dodging
 - Level 5.2 Stealth
 - Level 6.6 Shields
 - Level 14.0 Spellcasting
 * Level 15.0 Summonings
 - Level 4.0 Air Magic


You had 14 spell levels left.
You knew the following spells:

 Your Spells              Type           Power        Failure   Level  Hunger
a - Summon Mana Viper     Hex/Summ       #####...     4%          5    N/A
b - Summon Hydra          Summ           ######....   7%          7    N/A
c - Call Canine Familiar  Summ           ######..     1%          3    N/A
d - Summon Lightning Spi  Summ/Air       ######..     1%          4    N/A
e - Summon Ice Beast      Ice/Summ       #####...     1%          4    N/A
f - Animate Skeleton      Necr           N/A          4%          1    N/A
g - Call Imp              Summ           ######..     0%          2    N/A
h - Summon Small Mammal   Summ           ####         0%          1    N/A

Dungeon Overview and Level Annotations

Branches:
Dungeon (15/15)            Temple (0/1) D:6            Lair (6/6) D:11
 Shoals (3/4) Lair:3       Spider (0/4) Lair:4        Slime (0/5) Lair:5
    Orc (2/2) D:11            Elf (0/3) Orc:2        Vaults (0/5) D:14
 Depths (0/5) D:15

Altars:
Ashenzari
Cheibriados
Dithmenos
Elyvilon
Gozag
Okawaru
Ru
Uskayaw
The Shining One
Beogh
Jiyva

Shops:
D:2 *   D:4 (   D:11 (=   D:12 %   D:13 *}?%}   D:14 (   D:15 *?(   Orc:1 ?
Orc:2 (}%=:(

Annotations:
D:8 1 transporter
D:12 2 exclusions


Innate Abilities, Weirdness & Mutations

You do not eat or drink.
Your flesh is vulnerable to fire.
You are immune to poison.
Your flesh is cold resistant. (rC+)
You are immune to negative energy. (rN+++)
You are immune to unholy pain and torment.
You can survive without breathing.
You are in touch with the powers of death.


Message History

Press: ? - help, Dir - move target cursor An electric hum fills the air.
The faun shoots a stone.
The stone hits you!
The satyr shoots an arrow.
The arrow hits you! The arrow burns you.
The faun points at you and mumbles some strange words.
You resist with almost no effort.
Unknown command.
You swap places.
Unknown command.
Unknown command.
What are your orders? t - Shout!
Orders for allies: a - Attack new target. r - Retreat! s - Stop attacking. g - Guard the area. f - Follow me.
Anything else - Cancel.
Guard this area!
The satyr shoots an arrow.
The arrow hits you!!!
* * * LOW HITPOINT WARNING * * *
The arrow burns you!
You die...
Your body crumbles into a pile of gold.

...#...........≈≈≈≈≈
.. ##.≈≈≈≈≈.≈≈≈≈≈≈≈≈
...#..≈≈≈≈≈.≈≈≈≈≈≈≈≈
......≈≈..≈≈≈≈≈≈≈≈≈≈≈
......≈≈..≈≈≈≈≈≈≈≈≈≈≈
≈.#...≈≈...≈≈≈≈≈≈≈≈≈≈≈
. #...≈........≈≈≈≈≈≈≈
#.........!.#.≈≈≈≈≈≈≈
#...≈..>.##.@(≈≈≈≈≈≈≈
......≈..##.(≈≈≈≈≈≈≈≈
..##..≈...DS≈≈≈≈≈≈≈≈
.##.....(8≈≈≈≈≈≈≈≈≈
.....≈≈(≈≈≈≈≈≈≈≈≈≈≈
...≈≈≈≈(≈≈≈≈≈≈≈≈≈≈≈
..≈≈≈c≈≈≈≈≈≈≈≈≈≈≈≈≈
..≈≈c≈c≈≈≈≈≈≈≈≈≈≈≈≈
.≈≈($≈≈≈≈≈≈≈≈≈≈≈≈≈≈


You could see a satyr, 2 fauns, a friendly seven-headed hydra, a friendly mana
viper (wandering) and a friendly lightning spire (unaware).

Vanquished Creatures
  An ogre mage (Orc:2)
  2 unseen horrors
  Pikel (D:6)
  The ghost of Raine357 the Skirmisher, an amateur DrSk of Fedhas (Sewer)
  An orc warrior (D:13)
  A slave (D:6)
  A sky beast (shapeshifter) (D:15)
  A centaur (D:13)
  3 bullfrogs
  3 crimson imps
  A hound (D:14)
  3 orc wizards
  A worker ant (D:12)
  An adder (D:11)
  3 shadow imps
  An adder skeleton (D:4)
  A worm (D:2)
  A dart slug (D:1)
  9 orcs
  3 bats
  2 giant cockroaches
  A jackal (D:7)
  A kobold (D:1)
  2 fungi (Lair:5)
45 creatures vanquished.

Vanquished Creatures (collateral kills)
  Donald (Shoals:2)
  Aizul (Shoals:2)
  2 orc warlords (D:11)
  6 dire elephants
  A merfolk javelineer (Shoals:1)
  A fire dragon (D:15)
  4 merfolk impalers
  4 ogre magi
  The ghost of Lookapuppie the Fighter, a journeyman MiBe of Trog (D:12)
  A vault guard (D:14)
  5 hydras
  An ice dragon (D:15)
  3 centaur warriors
  A catoblepas (D:15)
  18 two-headed ogres
  An anaconda (Lair:6)
  A merfolk aquamancer (Shoals:1)
  A death knight (D:14)
  8 death yaks
  A tengu warrior (D:13)
  An orc high priest (Orc:2)
  4 skeletal warriors (D:15)
  3 unseen horrors
  6 sea snakes
  A wizard (D:12)
  4 orc knights
  11 harpies
  An orc sorcerer (Orc:1)
  A phantasmal warrior (D:14)
  2 oklob plants
  9 manticores
  9 ugly things
  3 deep elf magi
  8 fauns
  5 cyclopes
  9 elephants
  2 centaur zombies
  A wolf spider (Lair:4)
  Maurice (D:9)
  6 black mambas
  2 merfolk sirens
  Psyche (D:11)
  4 water nymphs
  A guardian serpent (shapeshifter) (D:15)
  5 torpor snails (Lair:6)
  4 centaur skeletons
  2 gargoyles
  9 spiny frogs
  4 komodo dragons
  3 freezing wraiths
  A rime drake (Lair:1)
  3 kobold demonologists
  4 polar bears
  A yaktaur (Shoals:1)
  6 trolls
  A tengu conjurer (D:13)
  A hornet (D:12)
  19 merfolk
  2 slime creatures
  19 blink frogs
  21 dream sheep
  5 snapping turtles
  11 hippogriffs
  Prince Ribbit (D:6)
  Sigmund (D:6)
  3 redbacks (Lair:4)
  3 wraiths
  2 shadows (D:15)
  2 vampires
  A wyvern (D:10)
  30 yaks
  4 basilisks
  7 fire bats (Volcano)
  2 water elementals (Shoals:1)
  4 hungry ghosts
  A hog (D:10)
  A steam dragon (D:9)
  3 vampire mosquitoes
  9 wargs
  An acid dragon (D:14)
  A soldier ant (D:10)
  9 water moccasins
  14 porcupines
  2 sky beasts
  5 ice beasts
  A slave (D:6)
  39 orc warriors
  An eye of draining (D:11)
  An ice beast (shapeshifter) (D:14)
  8 black bears
  2 necrophages
  30 ogres
  3 phantoms
  17 centaurs
  16 crocodiles
  A big kobold (Sewer)
  16 bullfrogs
  A bullfrog (shapeshifter) (D:13)
  A wyvern skeleton (D:13)
  7 scorpions
  5 killer bees (D:10)
  5 wights (D:9)
  An electric eel (Lair:2)
  2 howler monkeys
  7 crimson imps
  3 bullfrog zombies (D:12)
  4 hounds
  15 jellies
  6 bullfrog skeletons
  12 orc priests
  2 iguanas
  26 orc wizards
  Natasha (D:4)
  6 worker ants
  A killer bee zombie (D:6)
  A hound zombie (D:5)
  A hound skeleton (D:5)
  A howler monkey zombie (D:6)
  A worker ant zombie (D:11)
  6 gnolls (D:4)
  8 adders
  2 river rats
  7 shadow imps
  15 oozes
  3 adder zombies
  7 worms
  A dart slug (D:1)
  5 leopard geckos
  75 orcs
  6 giant cockroaches
  8 hobgoblins
  21 jackals
  8 kobolds
  6 quokkas
  3 ball pythons
  5 bats
  5 frilled lizards
  5 goblins
  A quokka skeleton (D:5)
  16 rats
  2 fungi
  3 plants
846 creatures vanquished.

Vanquished Creatures (others)
  A water elemental (Shoals:1)
  A slave (D:6)
  A bullfrog (D:6)
  An orc priest (Orc:2)
  39 fungi
  25 plants
68 creatures vanquished.

Grand Total: 959 creatures vanquished

Notes
Turn   | Place    | Note
-------+----------+-------------------------------------------
     0 | D:1      | aurelian the Mummy Summoner began the quest for the Orb.
     0 | D:1      | Reached XP level 1. HP: 13/13 MP: 4/4
   840 | D:1      | Reached XP level 2. HP: 15/19 MP: 3/6
   921 | D:1      | Learned a level 2 spell: Call Imp
  1793 | D:2      | Found a shadowy altar of Dithmenos.
  2410 | D:2      | Reached XP level 3. HP: 24/24 MP: 2/8
  2416 | D:2      | Found Gozag's Platinum Reserve.
  2416 | D:2      | Found an opulent altar of Gozag.
  2487 | D:2      | Became a worshipper of Gozag Ym Sagoz the Greedy
  3305 | D:3      | Learned a level 3 spell: Call Canine Familiar
  3397 | D:3      | Found a glowing golden altar of the Shining One.
  3870 | D:3      | Reached XP level 4. HP: 30/30 MP: 3/10
  4185 | D:3      | Found an iron altar of Okawaru.
  4466 | D:4      | Reached skill level 4 in Summonings
  4507 | D:4      | Found a white marble altar of Elyvilon.
  4557 | D:4      | Reached skill level 5 in Spellcasting
  4609 | D:4      | Found a glowing drain.
  4649 | Sewer    | Entered a sewer
  4775 | Sewer    | Noticed a big kobold
  4780 | Sewer    | Noticed Raine357's ghost (amateur DrSk)
  4785 | Sewer    | Killed a big kobold
  4785 | Sewer    | Reached XP level 5. HP: 33/35 MP: 4/12
  4828 | Sewer    | Killed Raine357's ghost
  4828 | Sewer    | Reached XP level 6. HP: 10/41 MP: 2/15
  5111 | Sewer    | Found a white marble altar of Elyvilon.
  5267 | D:4      | Reached skill level 5 in Summonings
  5344 | D:4      | Found Luneam Xiqi's Weapon Boutique.
  5619 | D:4      | Noticed Natasha
  5636 | D:4      | Killed Natasha
  5903 | D:4      | Learned a level 4 spell: Summon Lightning Spire
  6025 | D:5      | Entered Level 5 of the Dungeon
  6114 | D:5      | Noticed an ice beast
  6156 | D:5      | Killed an ice beast
  6684 | D:5      | Found a sacrificial altar of Ru.
  6740 | D:5      | Reached XP level 7. HP: 46/46 MP: 8/17
  7160 | D:6      | Reached skill level 1 in Air Magic
  7185 | D:6      | Noticed Prince Ribbit
  7194 | D:6      | Killed Prince Ribbit
  7194 | D:6      | Reached skill level 1 in Shields
  7325 | D:6      | Noticed Pikel
  7442 | D:6      | Killed Pikel
  7442 | D:6      | Reached XP level 8. HP: 51/52 MP: 0/19
  7575 | D:6      | Found an opulent altar of Gozag.
  7593 | D:6      | Found a staircase to the Ecumenical Temple.
  7641 | D:6      | Found a shattered altar of Ashenzari.
  7663 | D:6      | Noticed Sigmund
  7684 | D:6      | Killed Sigmund
  8264 | D:7      | Found a hide-covered altar of Uskayaw.
  8921 | D:7      | Reached skill level 6 in Summonings
  9178 | D:7      | Noticed an oklob plant
  9474 | D:7      | Killed an oklob plant
  9816 | D:8      | Noticed a hippogriff
 10225 | D:7      | Killed a hippogriff
 10225 | D:7      | Reached XP level 9. HP: 50/57 MP: 21/21
 10498 | D:8      | Found a transporter.
 10624 | D:8      | Found a viscous altar of Jiyva.
 11170 | D:9      | Noticed Maurice
 11358 | D:9      | Killed Maurice
 11482 | D:8      | Reached skill level 1 in Fighting
 11599 | D:9      | Reached skill level 7 in Summonings
 11829 | D:9      | Noticed a merfolk
 11851 | D:9      | Killed a merfolk
 11954 | D:9      | Reached skill level 10 in Spellcasting
 12022 | D:10     | Entered Level 10 of the Dungeon
 12053 | D:10     | Noticed a two-headed ogre
 12096 | D:10     | Killed a two-headed ogre
 12393 | D:10     | Noticed a troll
 12417 | D:10     | Killed a troll
 12593 | D:10     | Found a huge runed gate.
 12593 | D:10     | Noticed a polar bear
 12594 | D:10     | Found a huge runed gate.
 12595 | D:10     | Found a huge runed gate.
 12595 | D:10     | Noticed a manticore
 12596 | D:10     | Found a huge runed gate.
 12597 | D:10     | Noticed a polar bear
 12599 | D:10     | Noticed a polar bear
 12603 | D:10     | Noticed a polar bear
 12653 | D:10     | Reached XP level 10. HP: 60/70 MP: 24/24
 13454 | D:10     | Killed a manticore
 13819 | D:10     | Reached skill level 8 in Summonings
 14064 | D:11     | Noticed a red ugly thing
 14292 | D:11     | Noticed a two-headed ogre
 14313 | D:11     | Killed a two-headed ogre
 14313 | D:11     | Reached skill level 5 in Fighting
 14380 | D:11     | Noticed a manticore
 14393 | D:11     | Killed a manticore
 14434 | D:11     | Killed a red ugly thing
 14532 | D:11     | Noticed a gargoyle
 14561 | D:11     | Killed a gargoyle
 15027 | D:11     | Learned a level 4 spell: Summon Ice Beast
 15128 | D:11     | Noticed a two-headed ogre
 15459 | D:11     | Reached skill level 9 in Summonings
 15508 | D:11     | Killed a two-headed ogre
 15566 | D:11     | Found a staircase to the Lair.
 15611 | D:11     | Noticed Psyche
 15623 | D:11     | Killed Psyche
 15623 | D:11     | Reached XP level 11. HP: 79/79 MP: 19/26
 15843 | D:11     | Found a staircase to the Orcish Mines.
 15920 | Lair:1   | Entered Level 1 of the Lair of Beasts
 18111 | Lair:3   | Identified 2 scrolls of acquirement
 18112 | Lair:3   | Got a smelly plate armour
 18113 | Lair:3   | Identified aurelian's Papyrus of Flying Conjuration (You acquired it on level 3 of the Lair of Beasts)
 18116 | Lair:3   | Identified the +7 plate armour "Calaplun" {Dex+5} (You acquired it on level 3 of the Lair of Beasts)
 18295 | Lair:3   | Found a staircase to the Shoals.
 18442 | Lair:3   | Found a dark tunnel.
 18449 | Volcano  | Entered a volcano
 18552 | Volcano  | Noticed a fire dragon
 18640 | Lair:3   | Found a shadowy altar of Dithmenos.
 18642 | Lair:3   | Noticed an oklob plant
 18797 | Lair:3   | Killed an oklob plant
 19459 | Lair:3   | Reached skill level 10 in Summonings
 19837 | Lair:3   | Upgraded the game from 0.21-a0-201-g8501b10 to 0.21-a0-203-gb066a6e
 19958 | Lair:4   | Noticed a death yak
 19960 | Lair:4   | Noticed a death yak
 20083 | Lair:4   | Noticed a death yak
 20110 | Lair:4   | Killed a death yak
 20257 | Lair:3   | Killed a death yak
 20544 | Lair:4   | Learned a level 1 spell: Animate Skeleton
 20883 | Lair:4   | Killed a death yak
 21091 | Lair:4   | Found a hole to the Spider Nest.
 21115 | Lair:4   | Noticed a wolf spider
 21121 | Lair:4   | Killed a wolf spider
 21661 | Lair:5   | Noticed a death yak
 21688 | Lair:5   | Killed a death yak
 21688 | Lair:5   | Reached XP level 12. HP: 84/91 MP: 17/28
 21720 | Lair:5   | Noticed a death yak
 21721 | Lair:5   | Noticed a death yak
 21722 | Lair:5   | Noticed a death yak
 22424 | Lair:5   | Noticed a death yak
 22445 | Lair:4   | Killed a death yak
 22833 | Lair:5   | Found a staircase to the Slime Pits.
 23012 | Lair:5   | Killed a death yak
 23012 | Lair:5   | Reached skill level 11 in Summonings
 23016 | Lair:5   | Killed a death yak
 23027 | Lair:5   | Killed a death yak
 23148 | Lair:5   | Noticed a seven-headed hydra
 23158 | Lair:5   | Killed a seven-headed hydra
 23525 | Lair:6   | Entered Level 6 of the Lair of Beasts
 23541 | Lair:6   | Got a warped glass ring
 23542 | Lair:6   | Identified the ring of the Sneaky Stories {Int+2 SInv} (You found it on level 6 of the Lair of Beasts)
 23675 | D:11     | Bought a +6 ring of evasion for 1170 gold pieces
 23675 | D:11     | Bought the amulet "Toarekif" {Reflect Int+4 Dex+2 SH+3 SInv} for 592 gold pieces
 24485 | Lair:6   | Found a snail-covered altar of Cheibriados.
 24969 | Lair:6   | Reached skill level 5 in Shields
 25024 | Lair:6   | Noticed a four-headed hydra
 25036 | Lair:6   | Killed a four-headed hydra
 25458 | Lair:6   | Got a pair of jewelled gloves
 25462 | Lair:6   | Identified the +2 pair of gloves "Ucalligh" {Str+4} (You found it on level 6 of the Lair of Beasts)
 25566 | Lair:6   | Noticed an anaconda
 25589 | Lair:6   | Killed an anaconda
 25590 | Lair:6   | Noticed a dire elephant
 25750 | Lair:6   | Killed a dire elephant
 25750 | Lair:6   | Reached skill level 5 in Dodging
 25882 | Lair:6   | Noticed a dire elephant
 25882 | Lair:6   | Noticed a dire elephant
 26097 | Lair:6   | Noticed a dire elephant
 26139 | Lair:6   | Noticed a dire elephant
 26494 | Lair:6   | Noticed a dire elephant
 26517 | Lair:6   | Killed a dire elephant
 26517 | Lair:6   | Reached skill level 1 in Armour
 27198 | Orc:1    | Entered Level 1 of the Orcish Mines
 27618 | Orc:1    | Noticed an orc warlord
 27853 | D:11     | Killed an orc warlord
 28333 | Orc:1    | Gained mutation: You are in touch with the powers of death. [Mummy growth]
 28333 | Orc:1    | Reached XP level 13. HP: 89/101 MP: 12/30
 28689 | Orc:1    | Found a roughly hewn altar of Beogh.
 28801 | Orc:1    | Found Fipa's Magic Scroll Shoppe.
 28816 | Orc:1    | Bought a scroll of identify for 24 gold pieces
 28816 | Orc:1    | Bought a scroll of teleportation for 36 gold pieces
 28816 | Orc:1    | Bought a scroll of identify for 24 gold pieces
 28869 | Orc:2    | Entered Level 2 of the Orcish Mines
 28869 | Orc:2    | Found a staircase to the Elven Halls.
 29100 | Orc:2    | Found Kewarghat's Antique Weapon Shop.
 29323 | Orc:2    | Found Muuron's Book Shop.
 29848 | Orc:2    | Noticed an orc warlord
 30393 | D:11     | Killed an orc warlord
 31557 | Orc:2    | Found Sigump's Food Shoppe.
 31557 | Orc:2    | Found Fimin's Jewellery Boutique.
 31558 | Orc:2    | Found Dazxew's Weapon Shop.
 31558 | Orc:2    | Found Ifoasyan's Gadget Shoppe.
 31589 | Orc:2    | Bought a book of Beasts for 715 gold pieces
 31589 | Orc:2    | Bought a book of Minor Magic for 260 gold pieces
 31597 | Orc:2    | Learned a level 7 spell: Summon Hydra
 31603 | Orc:2    | Learned a level 5 spell: Summon Mana Viper
 31921 | Orc:2    | Reached skill level 10 in Fighting
 32028 | D:12     | Noticed Lookapuppie's ghost (journeyman MiBe)
 32050 | D:12     | Killed Lookapuppie's ghost
 32212 | D:12     | Found Vuakuts's Food Shoppe.
 33495 | D:12     | Reached skill level 12 in Summonings
 33857 | D:13     | Found Rirghiohu's Gadget Shop.
 33885 | D:13     | Got a warped pewter ring
 33945 | D:13     | Found Eplenuy's Food Boutique.
 34086 | D:13     | Found Mefenl Moerch's Gadget Boutique.
 34236 | D:13     | Found Noguk's Assorted Antiques.
 34480 | D:13     | Bought a scroll of enchant weapon for 255 gold pieces
 34480 | D:13     | Bought an opal ring for 170 gold pieces
 35037 | D:13     | Found Jillag's Magic Scroll Shoppe.
 36367 | D:14     | Reached XP level 14. HP: 110/110 MP: 22/32
 36581 | D:14     | Identified the cursed ring of Scepticism {AC-3 Str+7 Dex-2 SInv Stlth+} (You found it on level 13 of the Dungeon)
 36600 | D:14     | Found a gate to the Vaults.
 36680 | D:15     | Entered Level 15 of the Dungeon
 36680 | D:15     | Found Etohil's Assorted Antiques.
 36709 | D:15     | Bought a polished scale mail for 297 gold pieces
 36715 | D:15     | Identified the +6 scale mail of Zin's Generosity {Regen+ Str+2} (You bought it in a shop on level 15 of the Dungeon)
 36923 | D:15     | Reached skill level 13 in Summonings
 36939 | D:15     | Found Huquff Hopn's Antique Weapon Shop.
 37697 | D:15     | Bought a scroll of enchant weapon for 247 gold pieces
 37697 | D:15     | Bought a scroll of teleportation for 99 gold pieces
 37697 | D:15     | Bought a lead wand for 132 gold pieces
 37697 | D:15     | Bought a golden ring for 165 gold pieces
 37940 | D:15     | Found Xaje's Magic Scroll Boutique.
 38108 | D:15     | Found a staircase to the Depths.
 40521 | Lair:6   | Reached skill level 5 in Stealth
 40964 | Shoals:1 | Entered Level 1 of the Shoals
 42087 | Shoals:2 | Reached skill level 14 in Summonings
 43287 | Shoals:2 | Noticed Aizul
 43310 | Shoals:2 | Killed Aizul
 43975 | Shoals:2 | Noticed Donald
 43985 | Shoals:2 | Killed Donald
 44957 | Shoals:1 | Found the amulet of the Air {Inacc +Fly rElec EV+5 RMsl}
 45181 | Shoals:3 | Reached skill level 15 in Summonings
 45440 | Shoals:3 | HP: 5/110 [satyr/arrow (44)]
 45440 | Shoals:3 | Shot with an arrow by a satyr

Vault maps used:
D:1:      dpeg_arrival_short_road, minmay_misc_feat_hallway
D:2:      nicolae_gozag_zags_fifth_avenue, lemuel_crystal_altar
D:3:      old_standard_altar, serial_forest, infiniplex_forest_lined_room_3,
          infiniplex_forest_end_2, infiniplex_forest_corner_1,
          infiniplex_forest_lined_corner, infiniplex_forest_clump_cross,
          infiniplex_forest_lined_corner, first_bread, okawaru_gym_becter
D:4:      lemuel_round_altar, portal_sewer_entry_b, serial_shops, shop,
          uniq_natasha
D:5:      kennysheep_big_flooded_room, nicolae_ru_path_of_blood,
          minmay_misc_feat_iff
D:6:      minmay_temple_entry_junction, basic_altar,
          cheibrodos_ashenzari_chains, uniq_prince_ribbit1, uniq_pikel,
          uniq_sigmund
D:7:      lemuel_slime, old_standard_altar
D:8:      gammafunk_jiyva_shrine
D:9:      hangedman_fish_farm, uniq_maurice
D:10:     lemuel_bear_cage
D:11:     grunt_lair_entry_orc_guard_hut, minmay_orc_entry_guard_dogs,
          uniq_psyche
D:12:     minmay_stepped, serial_shops,
          nicolae_shop_temple_entry_statues_fountains
D:13:     serial_shops, nicolae_shop_waterfront, kennysheep_little_box, shop,
          shop, nicolae_shop_window_shopping, minmay_misc_feat_diagonals,
          serial_bayou_pond_e, minmay_misc_feat_chi
D:14:     david_vaults_5, minivault_23
D:15:     grunt_enter_depths_hoard, serial_shops, nicolae_shop_waterfront,
          nicolae_shop_waterfront, nicolae_shop_stone, small_statue_intersection
Lair:2:   infiniplex_staircase_pool, serial_bayou_shore_b
Lair:3:   elwin_shoals_entry_stream, nicolae_volcano_entry_two_sided,
          lab_entry_generic, lemuel_oklob_altar, serial_bayou_shore_b
Lair:4:   spider_nest_entry_funnel_web
Lair:5:   slime_dummy, guppyfry_lair_drakes, grunt_megastairs_1
Lair:6:   due_jungle_book, kennysheep_snail_temple
Shoals:1: nicolae_shoals_island_circles, yaktaur_hedge
Shoals:2: uniq_donald, uniq_aizul
Orc:1:    basic_altar, serial_shops, shop
Orc:2:    st_orc_ogre_mass, serial_shops, shop_fountains,
          nicolae_shop_overgrown_old_shop
Sewer:    sewer_kobolds
Volcano:  volcano_caves

Skill      XL: |  1  2  3  4  5  6  7  8  9 10 11 12 13 14 |
---------------+-------------------------------------------+-----
Spellcasting   | 3 4 5 6 7 8 10 11 12 13 14 | 14.0
Summonings     | 4 5 6 7 9 10 11 12 15 | 15.0
Air Magic      | 2 3 4 |  4.0
Shields        | 2 3 4 5 6 |  6.6
Fighting       | 3 5 7 9 10 | 10.0
Dodging        | 3 4 5 |  5.0
Armour         | 1 2 |  2.7
Stealth        | 3 5 |  5.2

Action                   |  1- 3 |  4- 6 |  7- 9 | 10-12 | 13-15 || total
-------------------------+-------+-------+-------+-------+-------++-------
Melee: Unarmed           |     5 |       |       |       |       ||     5
       Whip              |    38 |    28 |     6 |       |       ||    72
       Hunting sling     |       |       |     6 |       |       ||     6
       Broad axe         |       |       |       |       |   116 ||   116
       Staff             |       |       |       |       |     2 ||     2
 Fire: Hunting sling     |       |       |    20 |     6 |       ||    26
       Fustibalus        |       |       |       |    10 |    17 ||    27
 Cast: Summon Small Mamm |    37 |       |     2 |       |       ||    39
       Call Imp          |    58 |    48 |    43 |    31 |     9 ||   189
       Call Canine Famil |     5 |    32 |    31 |    23 |     3 ||    94
       Summon Lightning  |       |       |    95 |   243 |   204 ||   542
       Summon Ice Beast  |       |       |       |   260 |   118 ||   378
       Summon Mana Viper |       |       |       |       |   108 ||   108
       Summon Hydra      |       |       |       |       |   107 ||   107
Invok: Potion Petition   |       |       |       |     1 |     2 ||     3
       Call Merchant     |       |       |       |     2 |     1 ||     3
Evoke: Wand              |       |     2 |     4 |     4 |     3 ||    13
  Use: Scroll            |     4 |     2 |     4 |    22 |    11 ||    43
 Stab: Sleeping          |     2 |       |       |       |       ||     2
       Distracted        |     1 |       |       |       |       ||     1
Armor: Robe              |    40 |    21 |    51 |    48 |   102 ||   262
Dodge: Dodged            |    67 |    29 |    63 |   113 |   220 ||   492
Block: Buckler           |       |       |    17 |    54 |   151 ||   222
       Reflection        |       |       |       |     1 |    15 ||    16
